cohdb
Replays
Latest Replays
All Replays
Popular Replays
Top Player Replays
Match Explorer
How It Works
Community
CoH3 Stats
Reddit
Sign in to upload your games and track your stats! →
Sign in with Steam
Match 44457080
Unlisted
Match 44457080
Overview
Messages
Build Orders
End
Construct Infanterie Kompanie
Selects Breakthrough Battlegroup
Selects Assault Grenadiers
MG 42 Machine Gun Team
Grenadier Squad
Grenadier Squad
Grenadier Squad
Medical Station
Infanterie Officer Quarters
Grenadier Squad
Construct Panzergrenadier Kompanie
251 Medium Carrier
Selects Breakthrough
Selects Incendiary Bombing Run
GrW 34 Mortar Team
Support Elements
StuG III G Assault Gun
Nebelwerfer 42 Rocket Launcher Team
Incendiary Bombing Run
StuG III G Assault Gun
Selects Rapid Production
Incendiary Bombing Run
StuG III G Assault Gun
Pioneer Squad
Side Skirts
Panzergrenadier Officer Quarters
Grenadier Squad
Construct Luftwaffe Kompanie
Selects Blitzkrieg
Incendiary Bombing Run
Jäger Squad
Blitzkrieg
StuG III G Assault Gun
Luftwaffe Officer Quarters
Incendiary Bombing Run
Wirbelwind Flakpanzer
Breakthrough
Pioneer Squad
Luftwaffe Officer Quarters
Incendiary Bombing Run
AI Takeover
fantom05555
Triple7
Jopjahh
OceanGrown
0
0
Comments
sign in to comment!
No comments posted yet!